 Dungeon Crawl Stone Soup version 0.27.1-34-g3ba077fa99 (webtiles) character file.

Game seed: 11216064902651087616

1931 Gnirx the Geomancer (level 9, -1/45 HPs)
             Began as a Gargoyle Earth Elementalist on Jan 10, 2022.
             Was an Initiate of Vehumet.
             Slain by a necrophage (4 damage)
             ... on level 7 of the Dungeon.
             The game lasted 00:19:48 (9430 turns).

Gnirx the Geomancer (Gargoyle Earth Elementalist)   Turns: 9430, Time: 00:19:48

Health: -1/45      AC: 15    Str: 13    XL:     9   Next: 17%
Magic:  17/20      EV: 11    Int: 18    God:    Vehumet [......]
Gold:   262        SH:  5    Dex: 10    Spells: 16/22 levels left

rFire    . . .     SeeInvis +   s - +0 flail
rCold    + + .     Faith    .   (no shield)
rNeg     + + .     Spirit   .   A - +2 robe "Miadyjar" {Drain rC++ rN+ SInv}
rPois    ∞         Reflect  +   (no helmet)
rElec    +         Harm     .   (no cloak)
rCorr    .         Rampage  .   y - +0 pair of gloves
Will     .....                  (no boots)
Stlth    ++........             x - amulet of reflection
HPRegen  0.15/turn              a - +4 ring of protection
MPRegen  0.17/turn              (no ring)

@: no status effects
A: sickness immunity, AC +6, negative energy resistance 1, electricity
resistance, torment resistance 1, petrification resistance
a: Renounce Religion


You were on level 7 of the Dungeon.
You worshipped Vehumet.
Vehumet was noncommittal.
You visited 2 branches of the dungeon, and saw 8 of its levels.

You collected 262 gold pieces.

Inventory:

Hand Weapons
 d - a +0 short sword of protection
 i - a +0 mace
 s - a +0 flail (weapon)
Missiles
 c - 54 stones
 w - a throwing net
Armour
 b - a +0 robe
 y - a +0 pair of gloves (worn)
 A - the +2 robe "Miadyjar" (worn) {Drain rC++ rN+ SInv}
   (You found it on level 5 of the Dungeon)

   rC:        It greatly protects you from cold.
   rN:        It protects you from negative energy.
   SInv:      It lets you see invisible.
   Drain:     It drains your maximum health when unequipped.
 F - the +0 robe of Fun {*Corrode rF- Regen+ Archmagi}
   (You found it on level 7 of the Dungeon)

   rF:        It makes you vulnerable to fire.
   Regen:     It increases your rate of health regeneration.
   *Corrode:  It may corrode you when you take damage.
   Archmagi:  It increases the power of your magical spells.
Jewellery
 a - a +4 ring of protection (left hand)
 r - a ring of ice
 x - an amulet of reflection (around neck)
Scrolls
 f - a scroll of blinking
 g - 2 scrolls of enchant armour {unknown}
 h - 2 scrolls of vulnerability {unknown}
 j - 3 scrolls of amnesia {unknown}
 n - a scroll of silence {unknown}
 o - 3 scrolls of identify {unknown}
 p - a scroll of enchant weapon {unknown}
 q - a scroll of immolation {unknown}
 t - 2 scrolls of teleportation
 u - 3 scrolls of fog
 z - a scroll of noise {unknown}
Potions
 e - a potion of berserk rage {unknown}
 k - 2 potions of cancellation {unknown}
 l - a potion of might {unknown}
 m - 3 potions of flight {unknown}
 v - a potion of attraction {unknown}
 B - a potion of invisibility {unknown}
 C - 2 potions of degeneration {unknown}
 D - 2 potions of curing {unknown}
 E - a potion of brilliance {unknown}


   Skills:
 - Level 1.3 Short Blades
 - Level 0.7 Maces & Flails
 - Level 1.5 Dodging
 - Level 2.1 Stealth
 + Level 3.5 Shields
 + Level 7.3 Spellcasting
 - Level 0.7 Transmutations
 + Level 9.8 Earth Magic


You had 16 spell levels left.
You knew the following spells:

 Your Spells              Type           Power      Damage    Failure   Level
a - Sandblast             Erth           84%        2d18      1%          1
b - Passwall              Tmut/Erth      20%        N/A       1%          2
c - Stone Arrow           Conj/Erth      48%        3d10      4%          3

Your spell library contained the following spells:

 Spells                   Type           Power      Damage    Failure   Level
 Magic Dart               Conj           24%        1d4       11%         1
 Petrify                  Tmut/Erth      25%        N/A       12%         4
 Searing Ray              Conj           12%        3d3       16%         2
 Static Discharge         Conj/Air       6%         N/A       16%         2
 Fulminant Prism          Conj/Hex       3%         3d6       71%         4
 Lightning Bolt           Conj/Air       3%         1d14      96%         5
 Maxwell's Capacitive Co  Air            3%         ∞         100%        8


Dungeon Overview and Level Annotations

Branches:
Dungeon (7/15)             Temple (1/1) D:6

Altars:
Ashenzari
Cheibriados
Elyvilon
Gozag
Hepliaklqana
Kikubaaqudgha
Makhleb
Nemelex Xobeh
Okawaru
Qazlal
Ru
Trog
Uskayaw
Vehumet
Wu Jian
Xom
Zin


Innate Abilities, Weirdness & Mutations

You are immune to sickness and miasma.
Your stone body is resilient. (AC +6)
You are immune to poison.
You resist negative energy. (rN+)
You are resistant to electric shocks. (rElec)
You are resistant to unholy torment.
You are immune to petrification.


Message History

The steam dragon is almost dead.
The steam dragon bites you but does no damage.
The steam dragon claws you but does no damage.
Aiming: Sandblast (safe; 1% risk of failure)
Press: ? - help, Q - select action, (/) - cycle Shift-Dir - straight line, f/p - steam dragon
Aim: a steam dragon (almost dead, 83% to hit)
The blast of sand hits the steam dragon but does no damage.
The steam dragon is almost dead.
The steam dragon bites you but does no damage.
The steam dragon claws you but does no damage.
Aiming: Sandblast (safe; 1% risk of failure)
Press: ? - help, Q - select action, (/) - cycle Shift-Dir - straight line, f/p - steam dragon
Aim: a steam dragon (almost dead, 83% to hit)
The blast of sand hits the steam dragon but does no damage.
The steam dragon is almost dead.
The steam dragon breathes steam at you. The ball of steam hits you.
* * * LOW HITPOINT WARNING * * *
Aiming: Sandblast (safe; 1% risk of failure)
Press: ? - help, Q - select action, (/) - cycle Shift-Dir - straight line, f/p - steam dragon
Aim: a steam dragon (almost dead, 83% to hit)
The blast of sand hits the steam dragon!!
You kill the steam dragon!
Vehumet accepts your kill.
The steam dragon scales are intact enough to wear.
You are engulfed in a cloud of scalding steam.
A necrophage comes into view.
The necrophage moves out of view.
Things that are here:
+0 steam dragon scales; a steam dragon corpse You start resting.
A necrophage is nearby!
Things that are here:
a +0 halberd; a gnoll corpse
Things that are here:
a +0 spear; a gnoll corpse
Items here: )) [ †.
There is a stone staircase leading up here.
The necrophage hits you.
You die...

# #.##..#.........
#####.##.##[#.#.....
..[.#.##.##.#.# ...
............#.. .
....####.######. #.### #...#
.. #.# ###.# .. #.#
#.######## #.## #..)))n@#
...#### #..####.# ......##
#..####.#######
##.###.###.............####.#
#.## ##.##..#.##..##........#
..# #.##[.#.##..##.#.######
..## ##.##...........#.#
...###.###.#####..####.#
.#..>.####.#####..####.#


You could see a necrophage.

Vanquished Creatures
  A steam dragon (D:7)
  Duvessa (D:5)
  A sky beast (D:6)
  An ice beast (D:6)
  3 ogres
  A phantom (D:4)
  A bullfrog (D:6)
  A scorpion (D:4)
  Dowan (D:5)
  6 killer bees (D:6)
  A howler monkey (D:4)
  A centaur zombie (D:5)
  2 gnoll shamans
  A hound (D:3)
  2 orc priests
  2 jellies
  4 iguanas (D:5)
  2 orc wizards
  13 gnolls
  7 adders
  A shadow imp (D:7)
  An ufetubus (D:6)
  An adder zombie (D:5)
  2 worms
  2 dart slugs
  16 orcs
  8 ball pythons
  10 endoplasms
  4 giant cockroaches
  6 goblins
  6 hobgoblins
  4 jackals (D:2)
  8 bats
  A frilled lizard (D:2)
  4 kobolds
  6 rats
132 creatures vanquished.

Vanquished Creatures (others)
  A plant (D:5)
1 creature vanquished.

Grand Total: 133 creatures vanquished

Notes
Turn   | Place    | Note
-------+----------+-------------------------------------------
     0 | D:1      | Gnirx the Gargoyle Earth Elementalist began the quest for
                  | the Orb.
     0 | D:1      | Reached XP level 1. HP: 10/10 MP: 3/3
   241 | D:1      | Reached skill level 4 in Earth Magic
   565 | D:1      | Reached XP level 2. HP: 15/15 MP: 5/5
   669 | D:1      | Reached XP level 3. HP: 13/19 MP: 1/6
  1661 | D:2      | Found a faded altar of an unknown god.
  1890 | D:2      | Reached skill level 1 in Short Blades
  2107 | D:2      | Reached XP level 4. HP: 22/24 MP: 7/7
  2623 | D:2      | Learned a level 2 spell: Passwall
  2627 | D:2      | Learned a level 3 spell: Stone Arrow
  2770 | D:3      | Reached skill level 5 in Earth Magic
  2819 | D:3      | Reached XP level 5. HP: 18/28 MP: 7/9
  3756 | D:4      | Noticed an ogre
  3765 | D:4      | Killed an ogre
  3766 | D:4      | Reached skill level 6 in Earth Magic
  3766 | D:4      | Reached XP level 6. HP: 32/32 MP: 7/11
  4243 | D:4      | Reached skill level 7 in Earth Magic
  4243 | D:4      | Reached XP level 7. HP: 30/36 MP: 10/13
  5324 | D:5      | Entered Level 5 of the Dungeon
  5457 | D:5      | Found a burning altar of Makhleb.
  5537 | D:4      | Reached skill level 5 in Spellcasting
  5716 | D:5      | Noticed Dowan
  5755 | D:5      | Noticed Duvessa
  5781 | D:5      | Killed Duvessa
  5833 | D:5      | Killed Dowan
  5834 | D:5      | Reached skill level 8 in Earth Magic
  5870 | D:5      | Found a hazy altar of Hepliaklqana.
  6046 | D:5      | Reached XP level 8. HP: 9/41 MP: 13/16
  6559 | D:5      | Identified the +2 robe "Miadyjar" {Drain rC++ rN+ SInv}
  6644 | D:5      | Reached skill level 1 in Shields
  7160 | D:5      | Identified the +4 battleaxe of Duty {drain, rC+}
  7774 | D:6      | Found a broken altar of Ashenzari.
  7871 | D:6      | Reached skill level 9 in Earth Magic
  8252 | D:6      | Found an ornate altar of the Wu Jian Council.
  8321 | D:6      | Found a staircase to the Ecumenical Temple.
  8329 | Temple   | Entered the Ecumenical Temple
  8721 | D:6      | Found a radiant altar of Vehumet.
  8724 | D:6      | Became a worshipper of Vehumet
  8763 | D:7      | Identified the +0 robe of Fun {*Corrode rF- Regen+
                  | Archmagi}
  9111 | D:6      | Reached XP level 9. HP: 35/45 MP: 16/19
  9413 | D:7      | HP: 1/45 [steam dragon/ball of steam (5)]
  9430 | D:7      | Slain by a necrophage

Illustrated notes

Levels and vault maps discovered:
D:1:      nzn_arrival_water_spiral, layout_rooms, serial_curves, eino_curves_04,
          eino_curves_03
D:2:      layout_loops_ring, chequers_ecumenical_altar_simple_redux
D:3:      layout_basic, grunt_decor_resistance, wad_floor_pattern_1
D:4:      layout_rooms, bh_walls_and_bars
D:5:      layout_basic, mainiacjoe_overflow_concentric_impassable,
          mainiacjoe_overflow_chevrons, chequers_big_river, uniq_duvessa
D:6:      layout_basic, evilmike_ruin_ashenzari, mainiacjoe_overflow_swirl,
          minmay_temple_entry_proselytizer, minmay_misc_feat_rows
D:7:      layout_loops_cross, lemuel_tele_altar, minivault_23
Temple:   minmay_temple_bridge_abc

Skill      XL: |  1  2  3  4  5  6  7  8 |
---------------+-------------------------+-----
Earth Magic    | 4 5 6 7 8 9 |  9.8
Short Blades   | 1 |  1.3
Spellcasting   | 3 4 5 7 |  7.3
Shields        | 3 |  3.5
Maces & Flails | |  0.7
Dodging        | |  1.5
Stealth        | |  2.1
Transmutations | |  0.7

Action                   |  1- 3 |  4- 6 |  7- 9 || total
-------------------------+-------+-------+-------++-------
Melee: Unarmed           |    37 |       |       ||    37
       Short sword       |    76 |       |       ||    76
       Mace              |    59 |    33 |       ||    92
       Flail             |       |    83 |   217 ||   300
 Cast: Sandblast         |     9 |    16 |    77 ||   102
  Use: Scroll            |       |     3 |       ||     3
 Stab: Sleeping          |     1 |     2 |     2 ||     5
Armor: Robe              |   101 |    73 |   140 ||   314
Dodge: Dodged            |   141 |    97 |   170 ||   408
Block: Other             |       |       |    82 ||    82
